 Dungeon Crawl Stone Soup version 0.25.0-1-g7eea58d (webtiles) character file.

Game seed: 8025863410413419964

854 ItisI the Chopper (level 7, -2/58 HPs)
             Began as a Minotaur Gladiator on June 28, 2020.
             Was an Elder of Elyvilon.
             Slain by a small abomination (16 damage)
             ... on level 5 of the Dungeon.
             The game lasted 01:00:34 (4157 turns).

ItisI the Chopper (Minotaur Gladiator)              Turns: 4157, Time: 01:00:37

Health: -2/58      AC:  7    Str: 19    XL:     7   Next: 70%
Magic:  7/7        EV: 15    Int:  6    God:    Elyvilon [****..]
Gold:   42         SH:  4    Dex: 12    Spells: 6/6 levels left

rFire    x . .     SeeInvis .   a - +0 war axe
rCold    . . .     Gourm    .   y - +0 buckler
rNeg     + + +     Faith    .   C - +0 scale mail of the End {rF- rN+++ MR+}
rPois    .         Spirit   .   c - +0 hat
rElec    .         Reflect  .   (no cloak)
rCorr    .         Harm     .   n - +0 pair of gloves
MR       +....                  (no boots)
Stlth    ..........             e - amulet of regeneration
HPRegen  0.59/turn              q - +4 ring of evasion
MPRegen  0.10/turn              (no ring)

@: no status effects
A: retaliatory headbutt, horns 2
a: Lesser Healing, Heal Other, Purification, Greater Healing, Divine Protection,
Renounce Religion


You were on level 5 of the Dungeon.
You worshipped Elyvilon.
Elyvilon was greatly pleased with you.
You were not hungry.

You visited 1 branch of the dungeon, and saw 5 of its levels.

You collected 231 gold pieces.
You spent 189 gold pieces at shops.

Inventory:

Hand Weapons
 a - a +0 war axe (weapon)
Missiles
 d - 3 throwing nets
 h - 2 curare-tipped darts
 i - 103 stones (quivered)
 k - 6 boomerangs
 l - 13 poisoned darts
Armour
 c - a +0 hat (worn)
 n - a +0 pair of gloves (worn)
 y - a +0 buckler (worn)
 C - the +0 scale mail of the End (worn) {rF- rN+++ MR+}
   (You bought it in a shop on level 5 of the Dungeon)

   It makes you vulnerable to fire.
   It renders you almost immune to negative energy.
   It affects your resistance to hostile enchantments.
Jewellery
 e - an amulet of regeneration (around neck)
 q - a +4 ring of evasion (left hand)
Wands
 r - a wand of iceblast (3)
 B - a wand of flame (10)
Scrolls
 m - 2 scrolls of teleportation
 p - a scroll of magic mapping {unknown}
 s - a scroll of enchant armour {unknown}
 w - a scroll of fog {unknown}
 A - a scroll of blinking
 D - 2 scrolls of remove curse
Potions
 g - 2 potions of cancellation
 o - 2 potions of curing
 t - 2 potions of invisibility {unknown}
 v - 2 potions of brilliance {unknown}
 x - a potion of haste {unknown}
 z - a potion of ambrosia {unknown}
Comestibles
 b - 2 chunks of flesh
 f - 7 rations


   Skills:
 * Level 3.8 Fighting
 * Level 7.4 Axes
 + Level 3.6 Throwing
 + Level 2.3 Armour
 + Level 4.2 Dodging
 * Level 2.1 Shields
 * Level 2.9 Unarmed Combat
 * Level 2.1 Invocations


You had 6 spell levels left.
You didn't know any spells.
Your spell library contained the following spells:

 Spells                   Type           Power        Failure   Level  Hunger
 Animate Skeleton         Necr           N/A          88%         1    ##.....
 Apportation              Tloc           #.....       88%         1    ##.....
 Corona                   Hex            #......      88%         1    ##.....
 Magic Dart               Conj           #...         88%         1    ##.....
 Summon Small Mammal      Summ           #...         88%         1    ##.....
 Blink                    Tloc           N/A          96%         2    ###....
 Call Imp                 Summ           #.......     96%         2    ###....
 Slow                     Hex            #.......     96%         2    ###....
 Conjure Flame            Conj/Fire      #.......     99%         3    ####...
 Mephitic Cloud           Conj/Pois/Air  #.......     99%         3    ####...


Dungeon Overview and Level Annotations

Branches:
Dungeon (5/15)
 Temple: D:4-7

Altars:
Cheibriados
Elyvilon
Ru
Zin
The Shining One

Shops:
D:5 [

Portals:
Abyss: D:5

Annotations:
D:5 1 transporter, Dorkslayer's ghost, novice DgFi


Innate Abilities, Weirdness & Mutations

You reflexively headbutt those who attack you in melee.
You have a pair of horns on your head.


Message History

You closely miss the small abomination.
Your headbutt misses the small abomination.
The small abomination is lightly damaged.
You hit Dorkslayer's ghost but do no damage.
The small abomination closely misses you.
You furiously retaliate!
You headbutt the small abomination, but do no damage.
You block Dorkslayer's ghost's attack.
You slash the small abomination!
The small abomination is heavily damaged.
You hit Dorkslayer's ghost but do no damage.
The small abomination hits you!!
Dorkslayer's ghost hits you but does no damage.
You hit Dorkslayer's ghost.
Dorkslayer's ghost is lightly damaged.
You hit the small abomination but do no damage.
The small abomination hits you! Dorkslayer's ghost hits you!
* * * LOW HITPOINT WARNING * * *
The small abomination hits you!
You die...

#..##xW.#∩.#..#..#..#### #
#..#.#.#..##..##.##.# #
#..##.#####...##.##.########
#...##.##....##.#.#.........
#...##..##.### . ##.########
#..##....###.^.###..########
#..#©.##....##.#©...........
#..##.##^...W#.##..#########
#...##.#...@x%..##..#.......
#....#..#.######.##.#.##....
###.###..##..# .#.#.#.##....
#.#..###...###$##.#.##.###
#.####.......###..#.##....
#.......####..©..##.##..[.
######..............##.###
#########.#######.##.
#......# #.#..


You could see a small abomination and Dorkslayer's ghost.

Vanquished Creatures
  Sigmund (D:5)
  A centaur (D:5)
  A scorpion (D:4)
  A crimson imp (D:5)
  A hound (D:4)
  5 orc wizards
  An orc priest (D:3)
  Jessica (D:2)
  An iguana (D:5)
  2 worker ants (D:4)
  Terence (D:2)
  A hound zombie (D:4)
  A worker ant zombie (D:5)
  Robin (D:3)
  3 adders
  A shadow imp (D:5)
  2 oozes (D:1)
  2 adder skeletons (D:4)
  3 dart slugs
  5 leopard geckos
  10 orcs
  7 giant cockroaches
  16 goblins
  16 hobgoblins
  2 jackals (D:1)
  6 kobolds
  2 quokkas
  6 bats
  4 frilled lizards
  2 jackal skeletons
  A leopard gecko zombie (D:4)
  10 rats
117 creatures vanquished.

Notes
Turn   | Place    | Note
-------+----------+-------------------------------------------
     0 | D:1      | ItisI the Minotaur Gladiator began the quest for the Orb.
     0 | D:1      | Reached XP level 1. HP: 18/18 MP: 0/0
    85 | D:1      | Reached skill level 4 in Axes
   143 | D:1      | Reached XP level 2. HP: 22/25 MP: 1/1
   353 | D:1      | Reached XP level 3. HP: 29/30 MP: 2/2
   934 | D:1      | Reached skill level 5 in Axes
  1128 | D:2      | Found a faded altar of an unknown god.
  1133 | D:2      | Became a worshipper of Elyvilon the Healer
  1133 | D:2      | Reached * piety under Elyvilon
  1268 | D:2      | Noticed Jessica
  1268 | D:2      | Noticed Terence
  1286 | D:2      | Killed Terence
  1286 | D:2      | Reached skill level 1 in Armour
  1286 | D:2      | Reached skill level 1 in Unarmed Combat
  1286 | D:2      | Reached XP level 4. HP: 37/37 MP: 3/3
  1291 | D:2      | Killed Jessica
  1371 | D:2      | Reached ** piety under Elyvilon
  1891 | D:3      | Reached XP level 5. HP: 41/42 MP: 4/4
  1921 | D:3      | Reached skill level 1 in Invocations
  2316 | D:3      | Noticed Robin
  2352 | D:3      | Reached skill level 6 in Axes
  2355 | D:3      | Killed Robin
  2620 | D:3      | Reached XP level 6. HP: 51/51 MP: 5/5
  2656 | D:3      | Reached *** piety under Elyvilon
  3191 | D:4      | Reached skill level 1 in Shields
  3289 | D:4      | Found a snail-covered altar of Cheibriados.
  3420 | D:5      | Entered Level 5 of the Dungeon
  3438 | D:5      | Reached **** piety under Elyvilon
  3474 | D:5      | Reached XP level 7. HP: 39/57 MP: 7/7
  3505 | D:5      | Found Egoelui's Antique Armour Shoppe.
  3517 | D:5      | Bought a steaming scale mail for 189 gold pieces
  3527 | D:5      | Identified the cursed +0 scale mail of the End {rF- rN+++
                  | MR+} (You bought it in a shop on level 5 of the Dungeon)
  3605 | D:5      | Reached skill level 7 in Axes
  3610 | D:5      | Found a sacrificial altar of Ru.
  3652 | D:5      | Noticed a small abomination
  3652 | D:5      | Noticed Dorkslayer's ghost (novice DgFi)
  3663 | D:5      | Found a transporter.
  3684 | D:5      | Noticed Sigmund
  3711 | D:5      | Killed Sigmund
  3805 | D:5      | Found a glowing golden altar of the Shining One.
  3893 | D:5      | Found a glowing silver altar of Zin.
  3946 | D:5      | Found a transporter.
  4109 | D:5      | Found a one-way gate to the infinite horrors of the Abyss.
  4157 | D:5      | Slain by a small abomination

Illustrated notes

Levels and vault maps discovered:
D:1:      dpeg_arrival_prison, layout_basic, minmay_ruptured
D:2:      layout_basic, chequers_ecumenical_altar_grove, uniq_jessica,
          uniq_terence
D:3:      layout_basic, uniq_robin
D:4:      layout_cave_pools, first_ration, kennysheep_slug_shrine
D:5:      layout_basic, overflow_temple_1_default, kennysheep_mini,
          tso_metal_star, gammafunk_ghost_abyssal_escape, serial_shops, shop,
          uniq_sigmund

Skill      XL: |  1  2  3  4  5  6  7 |
---------------+----------------------+-----
Axes           | 4 5 6 7 |  7.4
Armour         | 1 2 |  2.3
Unarmed Combat | 1 2 |  2.9
Invocations    | 1 2 |  2.1
Fighting       | 3 |  3.8
Throwing       | 3 |  3.6
Shields        | 1 2 |  2.1
Dodging        | 4 |  4.2

Action                   |  1- 3 |  4- 6 |  7- 9 || total
-------------------------+-------+-------+-------++-------
Melee: War axe           |    67 |   112 |    57 ||   236
       Headbutt          |     8 |    19 |     8 ||    35
Throw: Stone             |    97 |   127 |    15 ||   239
  Use: Scroll            |     6 |     2 |     1 ||     9
       Potion            |       |     1 |     2 ||     3
  Eat: Chunk             |     1 |     7 |     2 ||    10
Armor: Leather armour    |    15 |    17 |       ||    32
       Skin              |       |    19 |       ||    19
       Ring mail         |       |     5 |     1 ||     6
       Scale mail        |       |       |     8 ||     8
Dodge: Dodged            |    53 |    85 |    31 ||   169
Block: Buckler           |       |     7 |     5 ||    12
